 Dungeon Crawl Stone Soup version 0.21-a0-521-g1cd18d1 (webtiles) character file.

3926 Firecrotchwizard the Magician (level 10, -13/69 HPs)
             Began as a Gnoll Skald on Dec 6, 2017.
             Was a Priest of Hepliaklqana.
             Mangled by a manticore (15 damage)
             ... on level 8 of the Dungeon.
             The game lasted 00:30:10 (8021 turns).

Firecrotchwizard the Magician (Gnoll Skald)         Turns: 8021, Time: 00:30:10

Health: -13/69     AC: 10    Str: 14    XL:     10   Next: 20%
Magic:  0/29       EV: 14    Int: 18    God:    Hepliaklqana [***...]
Gold:   210        SH:  0    Dex: 15    Spells: 12/23 levels left

rFire    . . .     SeeInvis .   a - +5 dagger (speed)
rCold    . . .     Gourm    .   (no shield)
rNeg     . . .     Faith    .   G - +0 ring mail
rPois    .         Spirit   +   s - +0 helmet
rElec    .         Reflect  .   D - +2 cloak
rCorr    .         Harm     .   (no gloves)
MR       .....                  (no boots)
Stlth    ++........             n - amulet of guardian spirit {Spirit}
HPRegen  0.21/turn              q - +3 ring of slaying
MPRegen  0.21/turn              B - ring of magical power {MP+9}

@: infused, barbed spikes
A: distributed training, reduced essence, fangs 1, strong nose
a: Recall Ancestor, Ancestor Identity, Transference, Renounce Religion


You were on level 8 of the Dungeon.
You worshipped Hepliaklqana.
Hepliaklqana was most pleased with you.
You were hungry.

You visited 1 branch of the dungeon, and saw 8 of its levels.
You also visited: Ossuary.

You collected 398 gold pieces.
You spent 188 gold pieces at shops.

Inventory:

Hand Weapons
 a - a +5 dagger of speed (weapon)
   (You took it off a goblin on level 2 of the Dungeon)
 b - a +0 blowgun
   (You took it off a kobold on level 3 of the Dungeon)
 l - a +0 dagger of venom
   (You took it off a kobold on level 2 of the Dungeon)
 y - a +2 dagger of piercing
   (You took it off an orc wizard on level 5 of the Dungeon)
 L - a +0 antimagic trident
   (You took it off a gnoll on level 5 of the Dungeon)
 N - a +1 antimagic hand axe
   (You took it off an orc on level 5 of the Dungeon)
Missiles
 u - 23 poisoned needles
 K - 2 throwing nets {=f, !d}
Armour
 s - a +0 helmet (worn)
   (You bought it in a shop on level 4 of the Dungeon)
 D - a +2 cloak (worn)
   (You bought it in a shop on level 4 of the Dungeon)
 G - a +0 ring mail (worn)
   (You found it on level 5 of the Dungeon)
 H - the cursed +1 plate armour of the Pure Tales {rF+ rC+ Stlth+, unknown}
   (You found it on level 8 of the Dungeon)

   It protects you from fire.
   It protects you from cold.
   It makes you more stealthy.
   It has a curse placed upon it.
 O - a +2 robe of resistance
   (You took it off Blork the orc on level 6 of the Dungeon)
Jewellery
 n - an amulet of guardian spirit (around neck) {Spirit}
   (You found it on level 2 of the Dungeon)
 q - a +3 ring of slaying (left hand)
   (You found it on level 2 of the Dungeon)
 x - a cursed amulet of regeneration {+regen, !d}
   (You found it on level 3 of the Dungeon)
 B - a ring of magical power (right hand) {MP+9}
   (You found it on level 4 of the Dungeon)
 Q - an uncursed ring of magical power {MP+9}
   (You found it on level 6 of the Dungeon)
Wands
 z - a wand of scattershot (2)
   (You found it on level 4 of the Dungeon)
 M - a wand of flame (35)
   (You found it on level 6 of the Dungeon)
 R - a wand of disintegration (13)
   (You took it off Blork the orc on level 6 of the Dungeon)
Scrolls
 e - 4 scrolls of immolation {!r}
 h - 6 scrolls of remove curse
 j - 3 scrolls of identify
 k - 2 scrolls of teleportation
 p - 2 scrolls of fear
 r - a scroll of enchant armour
 v - a scroll of blinking {!r}
 w - a scroll of fog
 E - a scroll of enchant weapon
Potions
 f - 3 potions of flight {unknown}
 g - 7 potions of mutation {unknown}
 i - 2 potions of brilliance {unknown}
 o - 2 potions of might {unknown}
 A - 2 potions of lignification {unknown}
 F - 3 potions of curing
 I - 2 potions of berserk rage {unknown}
 P - a potion of heal wounds {unknown}
Books
 c - a book of Battle
Miscellaneous
 m - a phantom mirror
Comestibles
 d - 6 bread rations {@e1}
 t - 5 chunks of flesh {@w0}
 C - 6 meat rations {@e2}


   Skills:
 + Level 6.8 Fighting
 + Level 5.0 Short Blades
 + Level 5.0 Long Blades
 + Level 5.0 Axes
 + Level 5.0 Maces & Flails
 + Level 6.8 Polearms
 + Level 5.0 Staves
 + Level 5.0 Slings
 + Level 5.0 Bows
 + Level 5.0 Crossbows
 + Level 5.0 Throwing
 + Level 5.6 Armour
 + Level 6.8 Dodging
 + Level 5.0 Stealth
 + Level 5.0 Shields
 + Level 5.0 Unarmed Combat
 + Level 7.1 Spellcasting
 + Level 4.1 Conjurations
 + Level 4.1 Hexes
 + Level 6.9 Charms
 + Level 4.1 Summonings
 + Level 4.1 Necromancy
 + Level 4.1 Translocations
 + Level 4.1 Transmutations
 + Level 4.1 Fire Magic
 + Level 4.1 Ice Magic
 + Level 4.1 Air Magic
 + Level 4.1 Earth Magic
 + Level 4.1 Poison Magic
 + Level 5.4 Invocations
 + Level 5.0 Evocations


You had 12 spell levels left.
You knew the following spells:

 Your Spells              Type           Power        Failure   Level  Hunger
a - Infusion              Chrm           ####         1%          1    None
r - Regeneration          Chrm/Necr      ####......   6%          3    ##.....
s - Shroud of Golubria    Chrm/Tloc      ####......   3%          2    None
z - Spectral Weapon       Hex/Chrm       ####....     6%          3    ##.....
S - Song of Slaying       Chrm           ####....     1%          2    None


Dungeon Overview and Level Annotations

Branches:
Dungeon (8/15)             Temple (0/1) D:4            Lair (0/6) D:8

Altars:
Cheibriados
Dithmenos
Elyvilon
Hepliaklqana
Kikubaaqudgha
Okawaru
Qazlal
Trog
Vehumet
Xom
Yredelemnul
Zin

Shops:
D:4 [

Annotations:
D:3 2 transporters


Innate Abilities, Weirdness & Mutations

Your experience applies equally to all skills.
You have very sharp teeth.
Your uncanny sense of smell can sniff out nearby items.
Your life essence is reduced to manifest your ancestor. (-10% HP)


Message History

You hit the killer bee.
You kill the killer bee!
You miss the killer bee. The killer bee misses you.
The killer bee closely misses you.
TacoTuesdays gestures at the killer bee while chanting.
The killer bee resists with significant effort.
You barely miss the killer bee.
Your ring mail prevents you from hitting the killer bee.
You punch the killer bee, but do no damage.
The killer bee misses you. x2; TacoTuesdays misses the killer bee.
You hit the killer bee. Your bite misses the killer bee.
The killer bee barely misses you.
You hit the killer bee. The killer bee closely misses you.
TacoTuesdays hits the killer bee with a dagger of draining.
TacoTuesdays drains the killer bee!
The killer bee dies!
Your Short Blades skill increases to level 5!
Your Long Blades skill increases to level 5!
Your Axes skill increases to level 5!
Your Maces & Flails skill increases to level 5!
Your Staves skill increases to level 5!
Your Slings skill increases to level 5!
Your Bows skill increases to level 5!
Your Crossbows skill increases to level 5!
Your Throwing skill increases to level 5!
Your Stealth skill increases to level 5!
Your Shields skill increases to level 5!
Your Unarmed Combat skill increases to level 5!
Your Evocations skill increases to level 5!
Things that are here:
a whip; a chain mail; an orc skeleton You swap places.
Some of the chunks of flesh in your inventory have rotted away.
Your shroud begins to fray at the edges.
MP restored: 29 A manticore comes into view.
You see here a shimmering plate armour.
H - a shimmering plate armour You are feeling hungry.
Your shroud unravels.
The manticore flicks its tail.
The volley of spikes hits you!
The barbed spikes become lodged in your body.
You take 5 damage, and have 64/69 hp.
You now have 26/29 mp.
The manticore flicks its tail.
The volley of spikes misses you.
A manticore is nearby!
The manticore flicks its tail.
The volley of spikes hits you!
The barbed spikes become lodged in your body.
You take 1 damage, and have 63/69 hp.
You now have 25/29 mp.
Select a target.
Aim: a manticore The floor.
The manticore swaps with TacoTuesdays!
The manticore closely misses you. The manticore claws you.
The manticore claws you but does no damage.
You take 4 damage, and have 59/69 hp.
You now have 21/29 mp.
Space distorts slightly along a thin shroud covering your body.
The manticore bites you but does no damage.
The manticore barely misses you. x2
You now have 19/29 mp.
You hit the manticore but do no damage. The manticore barely misses you.
The manticore closely misses you. The manticore claws you.
You take 2 damage, and have 58/69 hp.
You hit the manticore.
You begin infusing your attacks with magical energy.
The manticore bites you!
The manticore claws you but does no damage. x2
You take 10 damage, and have 48/69 hp.
You now have 15/29 mp.
You completely miss the manticore. The manticore bites you.
Your shroud falls apart!
The manticore claws you. x2
You take 8 damage, and have 40/69 hp.
You now have 11/29 mp.
You hit the manticore.
You now have 10/29 mp.
You hit the manticore! Your bite misses the manticore. The manticore bites you!
The manticore claws you but does no damage. x2
You take 7 damage, and have 33/69 hp.
You now have 7/29 mp.
You puncture the manticore! You puncture the manticore!
The manticore bites you. The manticore misses you.
The manticore claws you but does no damage.
You take 4 damage, and have 29/69 hp.
You now have 6/29 mp.
You closely miss the manticore. Your punch misses the manticore.
You hit the manticore. Your bite misses the manticore. The manticore bites you!
* * * LOW HITPOINT WARNING * * *
The manticore claws you!
* * * LOW HITPOINT WARNING * * *
The manticore claws you but does no damage.
You take 20 damage, and have 9/69 hp.
MASSIVE DAMAGE!!
You now have 2/29 mp.
You hit the manticore. You barely miss the manticore. The manticore bites you.
* * * LOW HITPOINT WARNING * * *
The manticore claws you but does no damage.
The manticore claws you!
* * * LOW HITPOINT WARNING * * *
You take 7 damage, and have 2/69 hp.
You now have 1/29 mp.
You hit the manticore. The manticore bites you!
You die...

##..## ######....#.####......#
.....###........)...###....#
##....##.............##.#.##.#
##...........................#
###............#.....#..#.##...
...##..#.......##...#..##.#
.......<...>...###.##..# #
##....>.......§#####..##
#.#...#....###R@H##..#
#...#.#.#......#.....#
#####.#......#...#...#
#...#...####...### ....##.##
##### ## ### ∆


You could see the friendly TacoTuesdays the hexer and a manticore.

Vanquished Creatures
  Grinder (D:3)
  A spriggan (D:8)
  A yak (D:8)
  Eustachio (D:4)
  Menkaure (D:5)
  Duvessa (D:6)
  2 ice beasts
  3 ogres
  2 centaurs
  Blork the orc (D:6)
  A big kobold (D:7)
  A bullfrog (D:6)
  2 water moccasin zombies (Ossuary)
  5 killer bees
  2 bullfrog zombies
  2 jellies
  2 orc wizards
  A hound (D:5)
  5 orc priests
  5 worker ants
  A big kobold zombie (Ossuary)
  A hound skeleton (D:7)
  2 mummies (Ossuary)
  2 worker ant zombies
  A howler monkey zombie (D:5)
  11 gnolls
  13 adders
  3 oozes
  7 adder zombies
  4 worms
  2 dart slugs
  6 leopard geckos
  14 orcs
  A ball python (D:5)
  7 giant cockroaches
  12 goblins
  5 hobgoblins
  4 jackals
  2 quokkas
  5 bats
  3 frilled lizards
  4 hobgoblin zombies (Ossuary)
  8 kobolds
  5 kobold zombies (Ossuary)
  An orc zombie (Ossuary)
  5 rats
169 creatures vanquished.

Vanquished Creatures (collateral kills)
  Sigmund (D:6)
  An eye of draining (D:5)
  An ice beast (D:6)
  An ogre (D:6)
  2 centaurs
  A bullfrog (D:6)
  Dowan (D:6)
  3 killer bees
  A howler monkey (D:7)
  A hound (D:5)
  2 orc priests
  An orc wizard (D:6)
  2 adders
  A gnoll (D:3)
  2 adder zombies (Ossuary)
  3 orcs
  A giant cockroach (D:3)
  3 jackals
  A goblin (D:4)
  A hobgoblin zombie (Ossuary)
  A kobold (D:7)
  2 kobold zombies (Ossuary)
33 creatures vanquished.

Vanquished Creatures (others)
  A hexer (D:7)
  2 ancestors
  A quokka (D:6)
4 creatures vanquished.

Grand Total: 206 creatures vanquished

Notes
Turn   | Place    | Note
-------+----------+-------------------------------------------
     0 | D:1      | Firecrotchwizard the Gnoll Skald began the quest for the Orb.
     0 | D:1      | Reached XP level 1. HP: 20/20 MP: 6/6
    93 | D:1      | Reached XP level 2. HP: 26/26 MP: 2/7
   132 | D:1      | Learned a level 2 spell: Shroud of Golubria
   135 | D:1      | Learned a level 2 spell: Song of Slaying
   860 | D:2      | Reached XP level 3. HP: 31/31 MP: 9/9
   922 | D:2      | Reached skill level 5 in Spellcasting
  1147 | D:2      | Reached skill level 1 in Invocations
  1398 | D:2      | Reached skill level 1 in Short Blades
  1398 | D:2      | Reached skill level 1 in Long Blades
  1398 | D:2      | Reached skill level 1 in Axes
  1398 | D:2      | Reached skill level 1 in Maces & Flails
  1398 | D:2      | Reached skill level 1 in Staves
  1398 | D:2      | Reached skill level 1 in Slings
  1398 | D:2      | Reached skill level 1 in Bows
  1398 | D:2      | Reached skill level 1 in Crossbows
  1398 | D:2      | Reached skill level 1 in Throwing
  1398 | D:2      | Reached skill level 1 in Stealth
  1398 | D:2      | Reached skill level 1 in Shields
  1398 | D:2      | Reached skill level 1 in Unarmed Combat
  1398 | D:2      | Reached skill level 1 in Evocations
  1503 | D:2      | Learned a level 3 spell: Regeneration
  1507 | D:2      | Learned a level 3 spell: Spectral Weapon
  1837 | D:2      | Found a basalt altar of Yredelemnul.
  1841 | D:2      | Reached XP level 4. HP: 38/38 MP: 3/11
  2197 | D:2      | Found a shimmering altar of Xom.
  2198 | D:2      | Found a hazy altar of Hepliaklqana.
  2199 | D:2      | Noticed a spectral ugly thing
  2219 | D:2      | Found an ancient bone altar of Kikubaaqudgha.
  2303 | D:2      | Became a worshipper of Hepliaklqana the Forgotten
  2350 | D:3      | Found a snail-covered altar of Cheibriados.
  2385 | D:3      | Noticed Grinder
  2398 | D:3      | Found a transporter.
  2533 | D:3      | Paralysed by Grinder for 6 turns
  2552 | D:3      | Killed Grinder
  2552 | D:3      | Reached skill level 3 in Armour
  2552 | D:3      | Reached skill level 1 in Conjurations
  2552 | D:3      | Reached skill level 1 in Hexes
  2552 | D:3      | Reached skill level 1 in Summonings
  2552 | D:3      | Reached skill level 1 in Necromancy
  2552 | D:3      | Reached skill level 1 in Translocations
  2552 | D:3      | Reached skill level 1 in Transmutations
  2552 | D:3      | Reached skill level 1 in Fire Magic
  2552 | D:3      | Reached skill level 1 in Ice Magic
  2552 | D:3      | Reached skill level 1 in Air Magic
  2552 | D:3      | Reached skill level 1 in Earth Magic
  2552 | D:3      | Reached skill level 1 in Poison Magic
  2552 | D:3      | Reached skill level 2 in Invocations
  2552 | D:3      | Reached XP level 5. HP: 36/38 MP: 4/12
  2552 | D:3      | Reached XP level 6. HP: 43/45 MP: 4/14
  2717 | D:2      | Reached skill level 5 in Fighting
  2717 | D:2      | Reached skill level 5 in Polearms
  2717 | D:2      | Reached skill level 5 in Dodging
  2722 | D:2      | Reached skill level 2 in Short Blades
  2722 | D:2      | Reached skill level 2 in Long Blades
  2722 | D:2      | Reached skill level 2 in Axes
  2722 | D:2      | Reached skill level 2 in Maces & Flails
  2722 | D:2      | Reached skill level 2 in Staves
  2722 | D:2      | Reached skill level 2 in Slings
  2722 | D:2      | Reached skill level 2 in Bows
  2722 | D:2      | Reached skill level 2 in Crossbows
  2722 | D:2      | Reached skill level 2 in Throwing
  2722 | D:2      | Reached skill level 2 in Stealth
  2722 | D:2      | Reached skill level 2 in Shields
  2722 | D:2      | Reached skill level 2 in Unarmed Combat
  2722 | D:2      | Reached skill level 2 in Evocations
  2890 | D:3      | Found an iron altar of Okawaru.
  2985 | D:3      | Found a transporter.
  3072 | D:3      | Found a bloodstained altar of Trog.
  3210 | D:3      | Found a stormy altar of Qazlal.
  3714 | D:4      | Reached XP level 7. HP: 50/50 MP: 15/15
  3765 | D:4      | Found a staircase to the Ecumenical Temple.
  3810 | D:4      | Noticed Eustachio
  3821 | D:4      | Found Istruhues's Antique Armour Shoppe.
  3830 | D:4      | Bought a cloak for 94 gold pieces
  3875 | D:4      | Reached skill level 2 in Conjurations
  3875 | D:4      | Reached skill level 2 in Hexes
  3875 | D:4      | Reached skill level 2 in Summonings
  3875 | D:4      | Reached skill level 2 in Necromancy
  3875 | D:4      | Reached skill level 2 in Translocations
  3875 | D:4      | Reached skill level 2 in Transmutations
  3875 | D:4      | Reached skill level 2 in Fire Magic
  3875 | D:4      | Reached skill level 2 in Ice Magic
  3875 | D:4      | Reached skill level 2 in Air Magic
  3875 | D:4      | Reached skill level 2 in Earth Magic
  3875 | D:4      | Reached skill level 2 in Poison Magic
  4059 | D:4      | Killed Eustachio
  4059 | D:4      | Reached skill level 3 in Invocations
  4085 | D:5      | Entered Level 5 of the Dungeon
  4109 | D:5      | Reached XP level 8. HP: 55/56 MP: 16/16
  4111 | D:5      | Reached skill level 6 in Charms
  4136 | D:5      | Reached skill level 4 in Armour
  4141 | D:5      | Reached * piety under Hepliaklqana
  4159 | D:5      | Found a sand-covered staircase.
  4164 | Ossuary  | Entered an ossuary
  4192 | Ossuary  | Reached skill level 3 in Short Blades
  4192 | Ossuary  | Reached skill level 3 in Long Blades
  4192 | Ossuary  | Reached skill level 3 in Axes
  4192 | Ossuary  | Reached skill level 3 in Maces & Flails
  4192 | Ossuary  | Reached skill level 3 in Staves
  4192 | Ossuary  | Reached skill level 3 in Slings
  4192 | Ossuary  | Reached skill level 3 in Bows
  4192 | Ossuary  | Reached skill level 3 in Crossbows
  4192 | Ossuary  | Reached skill level 3 in Throwing
  4192 | Ossuary  | Reached skill level 3 in Stealth
  4192 | Ossuary  | Reached skill level 3 in Shields
  4192 | Ossuary  | Reached skill level 3 in Unarmed Combat
  4192 | Ossuary  | Reached skill level 3 in Evocations
  4521 | Ossuary  | Reached skill level 6 in Spellcasting
  4674 | D:5      | Found a snail-covered altar of Cheibriados.
  4674 | D:5      | Found a glowing silver altar of Zin.
  4679 | D:5      | Found a shadowy altar of Dithmenos.
  4716 | D:5      | Noticed Menkaure
  4905 | D:5      | Killed Menkaure
  5197 | D:5      | Found a bloodstained altar of Trog.
  5268 | D:6      | Noticed Blork the orc
  5305 | D:6      | Reached skill level 3 in Conjurations
  5305 | D:6      | Reached skill level 3 in Hexes
  5305 | D:6      | Reached skill level 3 in Summonings
  5305 | D:6      | Reached skill level 3 in Necromancy
  5305 | D:6      | Reached skill level 3 in Translocations
  5305 | D:6      | Reached skill level 3 in Transmutations
  5305 | D:6      | Reached skill level 3 in Fire Magic
  5305 | D:6      | Reached skill level 3 in Ice Magic
  5305 | D:6      | Reached skill level 3 in Air Magic
  5305 | D:6      | Reached skill level 3 in Earth Magic
  5305 | D:6      | Reached skill level 3 in Poison Magic
  5305 | D:6      | Reached skill level 4 in Invocations
  5764 | D:6      | Reached XP level 9. HP: 60/62 MP: 18/18
  5770 | D:6      | Noticed Sigmund
  5779 | D:6      | Killed Sigmund
  5779 | D:6      | Reached skill level 6 in Fighting
  5779 | D:6      | Reached skill level 6 in Polearms
  5779 | D:6      | Reached skill level 6 in Dodging
  5794 | D:6      | Noticed Duvessa
  5794 | D:6      | Noticed Dowan
  5805 | D:6      | Killed Duvessa
  5814 | D:6      | Killed Dowan
  6008 | D:6      | Reached skill level 4 in Short Blades
  6008 | D:6      | Reached skill level 4 in Long Blades
  6008 | D:6      | Reached skill level 4 in Axes
  6008 | D:6      | Reached skill level 4 in Maces & Flails
  6008 | D:6      | Reached skill level 4 in Staves
  6008 | D:6      | Reached skill level 4 in Slings
  6008 | D:6      | Reached skill level 4 in Bows
  6008 | D:6      | Reached skill level 4 in Crossbows
  6008 | D:6      | Reached skill level 4 in Throwing
  6008 | D:6      | Reached skill level 4 in Stealth
  6008 | D:6      | Reached skill level 4 in Shields
  6008 | D:6      | Reached skill level 4 in Unarmed Combat
  6008 | D:6      | Reached skill level 4 in Evocations
  6140 | D:6      | Killed Blork the orc
  6140 | D:6      | Reached skill level 5 in Armour
  6200 | D:6      | Reached ** piety under Hepliaklqana
  6201 | D:6      | Remembered your ancestor TacoTuesdays as a hexer
  6239 | D:6      | Found a white marble altar of Elyvilon.
  6517 | D:7      | Learned a level 3 spell: Regeneration
  6560 | D:7      | Identified a scroll of acquirement
  6841 | D:7      | Reached skill level 5 in Invocations
  6966 | D:7      | Found a radiant altar of Vehumet.
  6987 | D:7      | Reached *** piety under Hepliaklqana
  7514 | D:4      | Bought a helmet for 94 gold pieces
  7602 | D:8      | Found a staircase to the Lair.
  7765 | D:8      | Reached XP level 10. HP: 48/69 MP: 19/20
  7774 | D:8      | Reached skill level 7 in Spellcasting
  7786 | D:8      | Reached skill level 4 in Conjurations
  7786 | D:8      | Reached skill level 4 in Hexes
  7786 | D:8      | Reached skill level 4 in Summonings
  7786 | D:8      | Reached skill level 4 in Necromancy
  7786 | D:8      | Reached skill level 4 in Translocations
  7786 | D:8      | Reached skill level 4 in Transmutations
  7786 | D:8      | Reached skill level 4 in Fire Magic
  7786 | D:8      | Reached skill level 4 in Ice Magic
  7786 | D:8      | Reached skill level 4 in Air Magic
  7786 | D:8      | Reached skill level 4 in Earth Magic
  7786 | D:8      | Reached skill level 4 in Poison Magic
  7981 | D:8      | Reached skill level 5 in Short Blades
  7981 | D:8      | Reached skill level 5 in Long Blades
  7981 | D:8      | Reached skill level 5 in Axes
  7981 | D:8      | Reached skill level 5 in Maces & Flails
  7981 | D:8      | Reached skill level 5 in Staves
  7981 | D:8      | Reached skill level 5 in Slings
  7981 | D:8      | Reached skill level 5 in Bows
  7981 | D:8      | Reached skill level 5 in Crossbows
  7981 | D:8      | Reached skill level 5 in Throwing
  7981 | D:8      | Reached skill level 5 in Stealth
  7981 | D:8      | Reached skill level 5 in Shields
  7981 | D:8      | Reached skill level 5 in Unarmed Combat
  7981 | D:8      | Reached skill level 5 in Evocations
  8001 | D:8      | Noticed a manticore
  8001 | D:8      | Got a shimmering plate armour
  8018 | D:8      | HP: 9/69 [manticore (9)]
  8020 | D:8      | HP: 2/69 [manticore (6)]
  8021 | D:8      | Mangled by a manticore

Vault maps used:
D:1:      arrival_zaba_pyramid
D:2:      regret_index_temple_of_mockery, yredelemnul_altar_generic,
          lemuel_doored_altar, first_bread
D:3:      gammafunk_wand_slinger, nicolae_overflow_hidden_temple,
          marbit_many_paths, cheibriados_altar_1, uniq_grinder
D:4:      minmay_temple_entry_hall, serial_shops, shop, minmay_ogre_servants,
          uniq_eustachio
D:5:      gammafunk_temple_overflow_forgotten,
          nicolae_ossuary_entry_false_entrances, trog_eyes_of_draining,
          uniq_menkaure
D:6:      elyvilon_altar_4, uniq_sigmund, uniq_blork_the_orc, uniq_duvessa
D:7:      serial_glass, glass_columns_b, glass_columns_b, glass_columns_b,
          glass_columns_b, glass_columns_c, glass_columns_c, glass_columns_a,
          glass_columns_c, glass_columns_a, glass_columns_c, glass_columns_b,
          glass_columns_b, glass_columns_a, glass_columns_c, basic_altar
D:8:      lair_entry_dummy, the_bakery, hangedman_decor_growths,
          jmf_multi_god_temple
Ossuary:  ossuary_tomb_2

Skill      XL: |  1  2  3  4  5  6  7  8  9 10 |
---------------+-------------------------------+-----
Spellcasting   | 5 6 7 |  7.1
Invocations    | 1 2 3 4 5 |  5.4
Short Blades   | 1 2 3 4 5 |  5.0
Long Blades    | 1 2 3 4 5 |  5.0
Axes           | 1 2 3 4 5 |  5.0
Maces & Flails | 1 2 3 4 5 |  5.0
Staves         | 1 2 3 4 5 |  5.0
Slings         | 1 2 3 4 5 |  5.0
Bows           | 1 2 3 4 5 |  5.0
Crossbows      | 1 2 3 4 5 |  5.0
Throwing       | 1 2 3 4 5 |  5.0
Stealth        | 1 2 3 4 5 |  5.0
Shields        | 1 2 3 4 5 |  5.0
Unarmed Combat | 1 2 3 4 5 |  5.0
Evocations     | 1 2 3 4 5 |  5.0
Armour         | 3 4 5 |  5.6
Conjurations   | 1 2 3 4 |  4.1
Hexes          | 1 2 3 4 |  4.1
Summonings     | 1 2 3 4 |  4.1
Necromancy     | 1 2 3 4 |  4.1
Translocations | 1 2 3 4 |  4.1
Transmutations | 1 2 3 4 |  4.1
Fire Magic     | 1 2 3 4 |  4.1
Ice Magic      | 1 2 3 4 |  4.1
Air Magic      | 1 2 3 4 |  4.1
Earth Magic    | 1 2 3 4 |  4.1
Poison Magic   | 1 2 3 4 |  4.1
Fighting       | 5 6 |  6.8
Polearms       | 5 6 |  6.8
Dodging        | 5 6 |  6.8
Charms         | 6 |  6.9

Action                   |  1- 3 |  4- 6 |  7- 9 | 10-12 || total
-------------------------+-------+-------+-------+-------++-------
Melee: Spear             |    54 |       |       |       ||    54
       Bite              |     9 |     9 |    45 |     1 ||    64
       Dagger            |    51 |    97 |   393 |    58 ||   599
       Punch             |       |     1 |     7 |     1 ||     9
 Fire: Blowgun           |       |       |     2 |       ||     2
 Cast: Infusion          |     6 |     4 |     9 |     3 ||    22
       Shroud of Golubri |     4 |     7 |    28 |     4 ||    43
       Song of Slaying   |       |       |     2 |       ||     2
       Spectral Weapon   |       |       |       |     1 ||     1
Invok: Recall Ancestor   |       |     2 |     2 |       ||     4
       Ancestor Identity |       |     1 |       |       ||     1
       Ancestor Life: He |       |       |     1 |       ||     1
       Transference      |       |       |       |     1 ||     1
  Use: Scroll            |       |     5 |    12 |       ||    17
 Stab: Sleeping          |       |     2 |     6 |       ||     8
       Distracted        |       |     1 |     1 |     1 ||     3
       Confused          |       |       |       |     1 ||     1
  Eat: Chunk             |     2 |     5 |     9 |       ||    16
       Royal jelly       |       |     1 |     2 |       ||     3
Armor: Leather armour    |    11 |    21 |     5 |       ||    37
       Ring mail         |       |       |    68 |    18 ||    86
Dodge: Dodged            |    45 |    84 |   180 |    28 ||   337

Table legend:
 A = Spawn XP
 B = Non-spawn XP
 C = Spawn XP percentage of total XP
 D = Spawn monster count
 E = Non-spawn monster count
 F = Spawn count percentage of total count
 G = Total turns spent on level
                    A         B        C        D         E        F      G
               +---------+---------+-------+---------+---------+-------+---------
         Total |       0 |    5609 |   0.0 |       0 |     202 |   0.0 |  8021
               +---------+---------+-------+---------+---------+-------+---------
           D:1 |       0 |      33 |   0.0 |       0 |      15 |   0.0 |  1136
           D:2 |       0 |     118 |   0.0 |       0 |      23 |   0.0 |  1406
           D:3 |       0 |     377 |   0.0 |       0 |      23 |   0.0 |   794
           D:4 |       0 |     551 |   0.0 |       0 |      24 |   0.0 |   965
           D:5 |       0 |     823 |   0.0 |       0 |      31 |   0.0 |   657
           D:6 |       0 |    1438 |   0.0 |       0 |      27 |   0.0 |  1127
           D:7 |       0 |     811 |   0.0 |       0 |      16 |   0.0 |  1042
           D:8 |       0 |    1182 |   0.0 |       0 |      17 |   0.0 |   419
       Ossuary |       0 |     276 |   0.0 |       0 |      26 |   0.0 |   475
               +---------+---------+-------+---------+---------+-------+---------

Vault maps used:
D:1:      arrival_zaba_pyramid
D:2:      regret_index_temple_of_mockery, yredelemnul_altar_generic,
          lemuel_doored_altar, first_bread
D:3:      gammafunk_wand_slinger, nicolae_overflow_hidden_temple,
          marbit_many_paths, cheibriados_altar_1, uniq_grinder
D:4:      minmay_temple_entry_hall, serial_shops, shop, minmay_ogre_servants,
          uniq_eustachio
D:5:      gammafunk_temple_overflow_forgotten,
          nicolae_ossuary_entry_false_entrances, trog_eyes_of_draining,
          uniq_menkaure
D:6:      elyvilon_altar_4, uniq_sigmund, uniq_blork_the_orc, uniq_duvessa
D:7:      serial_glass, glass_columns_b, glass_columns_b, glass_columns_b,
          glass_columns_b, glass_columns_c, glass_columns_c, glass_columns_a,
          glass_columns_c, glass_columns_a, glass_columns_c, glass_columns_b,
          glass_columns_b, glass_columns_a, glass_columns_c, basic_altar
D:8:      lair_entry_dummy, the_bakery, hangedman_decor_growths,
          jmf_multi_god_temple
Ossuary:  ossuary_tomb_2

Table legend:
 A = Turns spent in this place as a percentage of turns spent in the entire game.
 B = Non-inter-level travel turns spent in this place as a percentage of non-inter-level travel turns spent in the entire game.
 C = Inter-level travel turns spent in this place as a percentage of turns spent in this place.
 D = Turns resting spent in this place as a percentage of non-inter-level travel turns spent in this place.
 E = Turns spent auto-exploring this place as a percentage of non-inter-level travel turns spent in this place.
 F = Non-inter-level travel turns spent in this place divided by the number of levels of this place that you've seen.
                   A       B       C       D       E      F
               +-------+-------+-------+-------+-------+----------------------
         Total | 100.0 | 100.0 |   7.1 |  29.5 |  46.6 | 827.8
       Dungeon |  94.1 |  93.6 |   7.6 |  27.5 |  49.6 | 871.9
       Ossuary |   5.9 |   6.4 |   0.0 |  58.7 |   1.3 | 475.0
               +-------+-------+-------+-------+-------+----------------------

Table legend:
 A = Kills in this place as a percentage of kills in entire the game.
 B = Kills by you in this place as a percentage of kills by you in the entire game.
 C = Kills by friends in this place as a percentage of kills by friends in the entire game.
 D = Other kills in this place as a percentage of other kills in the entire game.
 E = Experience gained in this place as a percentage of experience gained in the entire game.
 F = Experience gained in this place divided by the number of levels of this place that you have seen.
                   A       B       C       D       E      F
               +-------+-------+-------+-------+-------+----------------------
         Total | 100.0 | 100.0 | 100.0 |   N/A | 100.0 | 623.2
       Dungeon |  87.1 |  87.6 |  84.8 |   N/A |  95.1 | 666.6
       Ossuary |  12.9 |  12.4 |  15.2 |   N/A |   4.9 | 276.0
               +-------+-------+-------+-------+-------+----------------------
